 Dungeon Crawl Stone Soup version 0.30-a0-21-g5d08c37080 (webtiles) character file.

Game seed: 8739141683768846680

13 Nedwor the Cudgeller (level 2, -3/18 HPs)
             Began as a Gargoyle Gladiator on Aug 24, 2022.
             Frozen to death by an endoplasm (5 damage)
             ... on level 1 of the Dungeon.
             The game lasted 00:00:42 (407 turns).

Nedwor the Cudgeller (Gargoyle Gladiator)            Turns: 407, Time: 00:00:43

Health: -3/18      AC:  6    Str: 17    XL:     2   Next: 37%
Magic:  2/2        EV:  7    Int:  8    God:
Gold:   41         SH:  9    Dex: 11    Spells: 1/1 levels left

rFire   . . .      SeeInvis .    a - +0 flail
rCold   . . .      Faith    .    f - +0 tower shield
rNeg    + . .      Spirit   .    b - +0 leather armour
rPois   ∞          Reflect  .    c - +0 helmet
rElec   +          Harm     .    (no cloak)
rCorr   .          Rampage  .    (no gloves)
Will    .....                    (no boots)
Stlth   +.........               (no amulet)
HPRegen 0.06/turn                (no ring)
MPRegen 0.08/turn                (no ring)

@: no status effects
A: sickness immunity, AC +2, negative energy resistance 1, electricity
resistance, torment resistance 1, petrification resistance
a: no special abilities


You were on level 1 of the Dungeon.
You visited 1 branch of the dungeon, and saw 1 of its levels.

You collected 41 gold pieces.

Inventory:

Hand Weapons
 a - a +0 flail (weapon)
Missiles
 d - 3 throwing nets (quivered)
 e - a javelin
Armour
 b - a +0 leather armour (worn)
 c - a +0 helmet (worn)
 f - a +0 tower shield (worn)
Scrolls
 i - a scroll of teleportation {unknown}
Potions
 g - a potion of cancellation {unknown}
 h - a potion of heal wounds {unknown}


   Skills:
 + Level 2.4 Fighting
 * Level 3.2 Maces & Flails
 - Level 1.7 Throwing
 + Level 0.6 Armour
 + Level 2.5 Dodging
 + Level 0.0 Shields


You had one spell level left.
You didn't know any spells.
Your spell library contained the following spells:

 Spells                   Type           Power      Damage    Failure   Level
 Slow                     Hex            0%         N/A       100%        1
 Confusing Touch          Hex            0%         N/A       100%        3
 Vampiric Draining        Necr           0%         2d6       100%        3


Dungeon Overview and Level Annotations

Branches:
Dungeon (1/15)

Altars:


Innate Abilities, Weirdness & Mutations

You are immune to sickness and miasma.
Your stone body is resilient. (AC +2)
You are immune to poison.
You resist negative energy. (rN+)
You are resistant to electric shocks. (rElec)
You are resistant to unholy torment.
You are immune to petrification.


Message History

You hit the ball python.
You kill the ball python!
You block the hobgoblin's attack.
The jackal bites you but does no damage.
The hobgoblin hits you but does no damage.
The jackal bites you.
You are too injured to fight recklessly!
You are too injured to fight recklessly!
The hobgoblin attacks as you move away! The hobgoblin hits you.
* * * LOW HITPOINT WARNING * * *
The jackal attacks as you move away!
The jackal bites you but does no damage.
The jackal attacks as you move away!
The jackal bites you but does no damage.
The jackal bites you.
* * * LOW HITPOINT WARNING * * *
You thump the jackal!
You kill the jackal!
You block the hobgoblin's attack.
You hit the hobgoblin.
The hobgoblin is almost dead.
You block the hobgoblin's attack.
You closely miss the hobgoblin.
The hobgoblin is almost dead.
You block the hobgoblin's attack. The hobgoblin barely misses you.
You sock the hobgoblin!
You kill the hobgoblin!
An endoplasm comes into view.
An endoplasm is nearby!
An endoplasm is nearby!
An endoplasm is nearby!
You are too injured to fight recklessly!
You block the endoplasm's attack. The endoplasm freezes you.
You are frozen.
* * * LOW HITPOINT WARNING * * *
You barely miss the endoplasm. The endoplasm freezes you.
You are frozen.
You die...

....##........#######.......## #
....###...........##.........####
....# #.......###.+.....<.....'..
#.......# #####...######.
#.......# ##.## #... #.......###
#.# ....## #.........## #.#.####
#..###+###..#### #.# ..#
##@J..####+#.# #.##.........
+.###........ #.# #.$...... #.#
#........ ... ......### ...
....### .......## .....


You could see an endoplasm.

Vanquished Creatures
  An endoplasm (D:1)
  5 hobgoblins (D:1)
  A jackal (D:1)
  3 ball pythons (D:1)
  A bat (D:1)
11 creatures vanquished.

Notes
Turn   | Place    | Note
-------+----------+-------------------------------------------
     0 | D:1      | Nedwor the Gargoyle Gladiator began the quest for the Orb.
     0 | D:1      | Reached XP level 1. HP: 12/12 MP: 1/1
   233 | D:1      | Reached XP level 2. HP: 14/18 MP: 2/2
   407 | D:1      | Frozen to death by an endoplasm

Illustrated notes

Levels and vault maps discovered:
D:1:      mrwooster_arrival_arrow, layout_basic, minmay_misc_feat_iff,
          minmay_box_of_dots

Action                   || total
-------------------------++-------
Melee: Flail             ||    28
       Punch             ||     2
Armor: Leather armour    ||    14
Dodge: Dodged            ||    11
Block: Tower shield      ||    10

Table legend: (Time is in decaauts)
 A = Elapsed time spent in this place.
 B = Non-inter-level travel time spent in this place.
 C = Inter-level travel time spent in this place.
 D = Time resting spent in this place.
 E = Time spent auto-exploring this place.
 F = Levels seen in this place.
 G = Mean time per level.
                   A        B        C        D        E       F      G
               +--------+--------+--------+--------+--------+-----+--------+
         Total |    418 |    418 |      0 |      0 |    325 |   1 |  418.0 |
       Dungeon |    418 |    418 |      0 |      0 |    325 |   1 |  418.0 |
               +--------+--------+--------+--------+--------+-----+--------+

Top non-repeatable levels by time:
     D:1: 418 daAuts
